Map: Triton LE

Players

darkPENiSxx

  • Race: Zerg Zerg
  • Spawn Location: 11:00

sandboX - Winner!

  • Race: Zerg Zerg
  • League: Gold
  • Spawn Location: 5:00

VOD

Have the link to the VOD?

Description

Time

  • Played on: Aug. 20, 2019, 9:51 p.m.
  • Length: 12:03
Show
View Real Time Build Order
Export as new Build Order

darkPENiSxx Zerg 

Build Orders: Hatch First 

Get SALT Encoding   

  12  0:00  Drone  
  13  0:13  Overlord  
  14  0:21  Drone  
  14  0:24  Drone, Extractor  
  15  0:31  Drone  
  16  0:36  Drone  
  17  0:56  Hatchery  
  16  1:01  Drone x2  
  18  1:07  Extractor  
  18  1:08  Drone  
  18  1:19  Spawning Pool  
  17  1:32  Drone x2  
  19  1:42  Drone  
  20  1:53  Drone  
  21  2:02  Overlord  
  21  2:08  Drone, Queen  
  21  2:10  Queen  
  21  2:15  Overlord  
  26  2:21  Metabolic Boost  
  26  2:26  Zergling x2  
  26  2:28  Zergling x2  
  27  2:40  Drone  
  27  2:41  Drone x2  
  30  2:46  Queen  
  30  2:50  Zergling x2  
  33  3:00  Drone  
  33  3:01  Drone x2  
  36  3:07  Lair  
  36  3:17  Drone x4  
  37  3:32  Drone  
  37  3:34  Drone x3  
  40  3:37  Drone  
  40  3:38  Drone  
  40  3:39  Overlord  
  40  3:40  Overlord  
  43  3:54  Overlord  
  43  3:57  Queen  
  45  4:07  Zergling x6  
  45  4:08  Zergling x6  
  51  4:13  Hatchery  
  51  4:14  Overseer  
  50  4:20  Zergling x8  
  54  4:24  Extractor  
  54  4:26  Drone x2  
  45  4:43  Queen  
  45  4:45  Zergling x4  
  47  4:46  Zergling x6  
  47  4:50  Drone  
  51  4:54  Extractor  
  51  4:58  Infestation Pit  
  49  5:03  Roach Warren  
  48  5:21  Drone x2  
  50  5:22  Zergling x12  
  50  5:26  Drone  
  50  5:27  Queen  
  59  5:35  Drone x2  
  60  5:36  Drone  
  58  5:52  Queen  
  53  6:13  Drone x3  
  56  6:21  Zergling x10  
  56  6:22  Zergling x14  
  56  6:23  Zergling x2  
  56  6:24  Overlord  
  69  6:38  Glial Reconstitution  
  69  6:44  Drone, Extractor  
  69  6:45  Drone x4  
  73  7:01  Drone x2  
  73  7:02  Drone x2  
  77  7:16  Drone  
  78  7:26  Roach  
  78  7:28  Overlord x4  
  78  7:29  Overlord  
  80  7:40  Drone x2  
  80  7:42  Drone  
  82  7:47  Overlord  
  82  7:54  Drone x2  
  82  7:57  Tunneling Claws  
  84  8:01  Drone x2  
  84  8:02  Roach x2  
  84  8:03  Roach x4  
  98  8:09  Drone  
  98  8:11  Drone x3  
  102  8:16  Extractor  
  101  8:39  Drone, Extractor  
  103  8:42  Roach x3  
  103  8:46  Hatchery  
  108  8:49  Spire  
  107  8:58  Lair  
  107  9:02  Queen  
  107  9:15  Hive  
  107  9:28  Evolution Chamber  
  107  9:31  Evolution Chamber  
  105  9:43  Overlord x2  
  105  9:48  Neural Parasite  
  105  9:53  Infestor x5  
  105  9:54  Infestor x3  
  105  9:57  Roach x4  
  105  9:58  Roach x3  
  135  10:00  Overlord x5  
  133  10:11  Roach x4  
  133  10:12  Roach x6  
  133  10:13  Roach  
  133  10:21  Zergling x8  
  122  10:27  Roach x4  
  79  10:58  Roach x8  
  79  10:59  Roach x3  
  76  11:21  Roach x3  
  76  11:22  Roach x2  
  83  11:27  Spine Crawler  
  83  11:28  Spine Crawler  
  83  11:29  Spine Crawler  
  83  11:30  Spine Crawler  
  75  11:33  Spine Crawler  
  75  11:35  Spine Crawler  
  75  11:37  Spine Crawler  
  72  11:44  Drone x2  
  72  11:45  Drone  
Show
View Real Time Build Order
Export as new Build Order

sandboX Zerg - Winner!

Build Orders: Hatch First 

Get SALT Encoding   

  12  0:01  Drone  
  13  0:16  Overlord  
  13  0:20  Drone  
  14  0:34  Drone x2  
  16  0:55  Hatchery  
  15  1:00  Drone x2  
  15  1:01  Drone  
  18  1:05  Extractor  
  17  1:20  Spawning Pool  
  17  1:22  Drone  
  17  1:26  Drone  
  19  1:32  Drone  
  19  1:45  Overlord  
  19  2:07  Zergling x4  
  22  2:08  Zergling x2  
  22  2:11  Queen x2  
  26  2:17  Metabolic Boost  
  26  2:21  Drone  
  27  2:24  Drone  
  27  2:37  Drone x2  
  29  2:41  Drone x2  
  31  3:00  Hatchery  
  31  3:04  Baneling Nest  
  29  3:14  Drone x3  
  29  3:17  Overlord  
  29  3:19  Zergling x2  
  31  3:29  Zergling x6  
  33  3:46  Zergling x12  
  39  3:57  Baneling  
  39  3:58  Baneling  
  39  4:00  Zergling x4  
  41  4:03  Baneling x4  
  41  4:06  Overlord x2  
  41  4:12  Queen  
  39  4:37  Zergling x22  
  42  5:03  Drone x8  
  42  5:04  Drone  
  50  5:16  Baneling  
  50  5:17  Baneling x11  
  50  5:27  Drone x7  
  57  5:31  Extractor  
  56  5:36  Extractor  
  56  5:39  Roach Warren  
  47  6:01  Zergling x22  
  55  6:13  Lair  
  55  6:20  Evolution Chamber  
  55  6:21  Evolution Chamber  
  55  6:24  Roach x5  
  63  6:35  Drone x3  
  63  6:36  Overlord  
  63  6:37  Overlord x3  
  66  6:48  Zerg Missile Weapons Level 1  
  66  6:53  Zerg Ground Armor Level 1  
  66  6:57  Extractor  
  66  6:58  Extractor  
  64  7:02  Extractor  
  64  7:06  Baneling x2  
  64  7:07  Baneling x2  
  63  7:14  Drone x10  
  73  7:25  Hydralisk Den  
  72  7:41  Drone x7  
  79  7:56  Glial Reconstitution, Muscular Augments  
  79  8:07  Drone x6  
  79  8:10  Overlord  
  79  8:11  Overlord x4  
  85  8:19  Roach x2  
  89  8:36  Roach x10  
  109  9:16  Roach x6  
  121  9:18  Overlord x4  
  121  9:19  Overlord x4  
  121  9:25  Zerg Ground Armor Level 2, Zerg Missile Weapons Level 2  
  121  9:26  Tunneling Claws  
  121  9:28  Grooved Spines  
  121  9:35  Infestation Pit  
  121  9:36  Roach  
  121  9:37  Overlord  
  121  9:38  Overlord  
  122  9:39  Roach  
  124  10:09  Hatchery, Roach  
  124  10:10  Roach x10  
  141  10:17  Roach x3  
  138  10:33  Roach x4  
  138  10:34  Roach x4  
  143  10:48  Roach x7  
  153  10:56  Roach x3  
  153  11:43  Roach x6  
  153  11:44  Roach x9  
Tags
 
Add a new tag
Caveats
  • Supply blocks, unpowered buildings, or Contaminate may cause inaccurate times.
  • Supply counts are checked every 10 seconds.